 Dungeon Crawl Stone Soup version 0.32-a0-468-g38b2580584 (webtiles) character file.

Game seed: 1728926374812725721

509 shadowstone the Apothecary (level 7, 0/58 HPs)
             Began as a Naga Alchemist on Feb 24, 2024.
             Was an Initiate of Sif Muna.
             Slain by a kobold
             ... wielding a +0 dagger
              (3 damage)
             ... on level 4 of the Dungeon.
             The game lasted 00:13:11 (5781 turns).

shadowstone the Apothecary (Naga Alchemist)         Turns: 5781, Time: 00:13:11

Health: 0/58       AC:  6    Str: 10    XL:     7   Next: 19%
Magic:  12/12      EV: 10    Int: 17    God:    Sif Muna [......]
Gold:   218        SH:  0    Dex: 12    Spells: 12/13 levels left

rFire   . . .        k - +1 spear (venom)
rCold   . . .        (no shield)
rNeg    . . .        a - +0 robe
rPois   +            p - +0 helmet
rElec   .            s - +1 cloak
rCorr   .            (no gloves)
SInv    +            (no barding)
Will    .....        (no amulet)
Stlth   +++          m - +4 ring of slaying
HPRegen 0.29/turn    (no ring)
MPRegen 0.13/turn

%: no passive effects
@: very slow
A: AC +2, large, see invisible, deformed body, poison resistance, slowness 2,
spit poison 1, naga tail 1
a: Spit Poison, Renounce Religion


You were on level 4 of the Dungeon.
You worshipped Sif Muna.
Sif Muna was noncommittal.
You visited 2 branches of the dungeon, and saw 5 of its levels.

You collected 218 gold pieces.

Inventory:

Hand Weapons
 h - a +0 dagger of venom
 k - a +1 spear of venom (weapon)
 r - a +3 dagger of protection
Armour
 a - a +0 robe (worn)
 p - a +0 helmet (worn)
 s - a +1 cloak (worn)
Jewellery
 m - a +4 ring of slaying (left hand)
Scrolls
 d - 2 scrolls of immolation
 j - 3 scrolls of torment
 t - a scroll of identify
Potions
 b - a potion of magic
 e - a potion of brilliance {unknown}
 g - 2 potions of curing {unknown}
 i - a potion of attraction {unknown}
 l - a potion of lignification {unknown}
 n - a potion of enlightenment {unknown}
 o - a potion of mutation {unknown}


   Skills:
 + Level 1.7 Fighting
 + Level 2.3 Polearms
 + Level 2.4 Dodging
 + Level 5.1 Stealth
 + Level 0.3 Unarmed Combat
 + Level 3.6 Spellcasting
 + Level 2.7 Conjurations
 + Level 5.1 Alchemy


You had 12 spell levels left.
You knew the following spells:

 Your Spells              Type           Power      Damage    Failure   Level
a - Sting                 Conj/Alch      64%        1d7       3%          1

Your spell library contained the following spells:

 Spells                   Type           Power      Damage    Failure   Level
 Mercury Vapours          Alch/Air       22%        N/A       9%          2
 Mephitic Cloud           Conj/Alch/Air  12%        N/A       17%         3
 Olgreb's Toxic Radiance  Alch           20%        N/A       21%         4
 Sticky Flame             Fire/Alch      11%        2d5       50%         4


Dungeon Overview and Level Annotations

Branches:
Dungeon (4/15)             Temple (1/1) D:4

Altars:
Ashenzari
Cheibriados
Dithmenos
Elyvilon
Fedhas
Gozag
Hepliaklqana
Makhleb
Nemelex Xobeh
Qazlal
Ru
Sif Muna
Trog
Uskayaw
Vehumet
Xom
Yredelemnul
Zin
The Shining One

Shops:
D:1 *

Annotations:
D:4 cforsyth's ghost, amateur CoGl


Innate Abilities, Weirdness & Mutations

Your serpentine skin is tough. (AC +2)
You have supernaturally acute eyesight. (SInv)
Armour fits poorly on your strangely shaped body.
Your system is resistant to poisons. (rPois)
You cover ground very slowly.
You can spit poison.
You have a snake-like lower body.


Message History

The kobold shouts!
The kobold shouts!
Cforsyth's ghost turns its malevolent gaze towards you.
The kobold shouts!
The kobold shouts!
Could not explore, unopened runed door.
Could not explore, unopened runed door.
You open the gate. You hit the kobold brigand.
The kobold brigand is poisoned.
The kobold brigand is lightly wounded.
The kobold brigand hits you but does no damage.
You blink.
You hit the kobold.
The kobold is severely wounded.
You hit the kobold.
You kill the kobold!
Sif Muna accepts your kill. Cforsyth's ghost misses you.
You closely miss cforsyth's ghost.
The kobold brigand hits you with a +1 short sword of distortion.
Space warps horribly around you! Cforsyth's ghost closely misses you.
You hit cforsyth's ghost but do no damage.
Cforsyth's ghost hits you!
You hit cforsyth's ghost but do no damage.
The kobold brigand hits you with a +1 short sword of distortion.
Space warps horribly around you!!
* * * LOW HITPOINT WARNING * * *
The kobold misses you. Cforsyth's ghost hits you.
* * * LOW HITPOINT WARNING * * *
You hit cforsyth's ghost but do no damage.
The kobold brigand hits you with a +1 short sword of distortion.
* * * LOW HITPOINT WARNING * * *
The kobold hits you with a +2 short sword of distortion.
* * * LOW HITPOINT WARNING * * *
You blink.
The kobold hits you but does no damage.
You closely miss the kobold.
The kobold hits you with a +0 short sword.
* * * LOW HITPOINT WARNING * * *
The kobold hits you with a +0 dagger.
You die...

#################
.....##.....KK.K#####
.###..#.###.§..K@...# ...##...#
#.##KWK##.# ##### ..ß.#..##
###..K..### #.... ....#..#
#.#(..#.# #.###
_......#####⌠.#.#.⌠##########.#
....#......#.#...#.#..........#
..ß.######.##.....#############
...##.# #.###$).## #
.####.####.# ##### ##


You could see a kobold brigand (very poisoned), cforsyth's ghost and 6 kobolds.

Vanquished Creatures
  Sigmund (D:3)
  A sky beast (D:4)
  4 hounds (D:4)
  A gnoll (D:1)
  5 adders
  5 ribbon worms
  3 orcs
  7 endoplasms
  2 giant cockroaches
  5 goblins
  10 hobgoblins
  3 jackals (D:4)
  3 quokkas (D:2)
  4 ball pythons
  9 bats
  2 frilled lizards
  11 kobolds
  A rat (D:1)
77 creatures vanquished.

Notes
Turn   | Place    | Note
-------+----------+-------------------------------------------
     0 | D:1      | shadowstone the Naga Alchemist began the quest for the Orb.
     0 | D:1      | Reached XP level 1. HP: 15/15 MP: 3/3
   317 | D:1      | Reached XP level 2. HP: 12/22 MP: 0/5
   323 | D:1      | HP: 1/22 [kobold/+0 club (3)]
  1416 | D:1      | Reached XP level 3. HP: 28/28 MP: 6/6
  1593 | D:1      | Found Pibbo's Assorted Antiques.
  2623 | D:2      | Reached XP level 4. HP: 33/37 MP: 8/8
  3091 | D:3      | Found a radiant altar of Vehumet.
  3093 | D:3      | Found a bloodstained altar of Trog.
  3277 | D:3      | Reached skill level 1 in Fighting
  3381 | D:3      | Found a shadowy altar of Dithmenos.
  3618 | D:3      | Noticed Sigmund
  3632 | D:3      | Killed Sigmund
  3633 | D:3      | Reached skill level 1 in Polearms
  3633 | D:3      | Reached XP level 5. HP: 36/44 MP: 1/9
  3633 | D:3      | Reached XP level 6. HP: 42/51 MP: 1/10
  4431 | D:4      | Noticed a sky beast
  4443 | D:4      | Killed a sky beast
  4444 | D:4      | Reached skill level 5 in Alchemy
  4645 | D:4      | Found an opulent altar of Gozag.
  4663 | D:4      | Found a runed translucent gate.
  4664 | D:4      | Found a runed translucent gate.
  4665 | D:4      | Found a runed translucent gate.
  4665 | D:4      | Noticed cforsyth's ghost (amateur CoGl)
  4863 | D:4      | Reached skill level 5 in Stealth
  4965 | D:4      | Reached XP level 7. HP: 56/57 MP: 12/12
  5172 | D:4      | Found a staircase to the Ecumenical Temple.
  5597 | Temple   | Entered the Ecumenical Temple
  5648 | Temple   | Became a worshipper of Sif Muna the Loreminder
  5781 | D:4      | Slain by a kobold

Illustrated notes

Levels and vault maps discovered:
D:1:      dpeg_arrival_yet_another_circle, layout_loops_ring, serial_shops,
          nicolae_shop_crystal
D:2:      layout_basic, serial_aquarium, aquarium_bridge_square
          [aquarium_subvault_window, aquarium_subvault_bridge,
          aquarium_subvault_wall, aquarium_subvault_bridge], aquarium_window_1,
          aquarium_window_fake, aquarium_view_2d
D:3:      layout_basic, lemuel_coloured_pillars_altar, minitemple, uniq_sigmund
D:4:      layout_loops_ring, grunt_gozag_statues, minmay_temple_entry_trees,
          gammafunk_ghost_nasty_kobolds, st_stairs_9, supply_closet_lemuel
Temple:   eino_wide_crystal_templ

Skill      XL: |  1  2  3  4  5  6 |
---------------+-------------------+-----
Alchemy        | 4 5 |  5.1
Fighting       | 1 |  1.7
Polearms       | 1 2 |  2.3
Dodging        | 2 |  2.4
Stealth        | 4 5 |  5.1
Spellcasting   | 3 |  3.6
Conjurations   | 2 |  2.7
Unarmed Combat | |  0.3

Action                     |  1- 3 |  4- 6 |  7- 9 || total
---------------------------+-------+-------+-------++-------
  Melee: Unarmed           |    20 |       |       ||    20
         Spear             |     6 |    42 |    34 ||    82
   Cast: Sting             |    53 |    56 |       ||   109
Ability: Spit Poison       |     6 |       |       ||     6
    Use: Scroll            |       |     5 |     4 ||     9
   Stab: Sleeping          |       |     1 |     1 ||     2
 Armour: Robe              |    36 |    70 |    33 ||   139
  Dodge: Dodged            |    16 |    61 |    28 ||   105

Table legend: (Time is in decaauts)
 A = Elapsed time spent in this place.
 B = Non-inter-level travel time spent in this place.
 C = Inter-level travel time spent in this place.
 D = Time resting spent in this place.
 E = Time spent auto-exploring this place.
 F = Levels seen in this place.
 G = Mean time per level.
                   A        B        C        D        E       F      G
               +--------+--------+--------+--------+--------+-----+--------+
         Total |   6995 |   6580 |    415 |   1959 |   3027 |   5 | 1399.0 |
       Dungeon |   6882 |   6490 |    392 |   1959 |   3027 |   4 | 1720.5 |
        Temple |    113 |     90 |     23 |      0 |      0 |   1 |  113.0 |
               +--------+--------+--------+--------+--------+-----+--------+

Top non-repeatable levels by time:
     D:1: 2158 daAuts
     D:4: 1793 daAuts
     D:3: 1735 daAuts
     D:2: 1194 daAuts
  Temple: 113 daAuts
